 Dungeon Crawl Stone Soup version 0.28.0-53-g5a82cb258f (webtiles) character file.

Game seed: 11292634814881677593

353 Stomo the Skirmisher (level 6, -1/56 HPs)
             Began as a Draconian Monk on July 15, 2022.
             Slain by an ogre
             ... wielding a +0 giant spiked club
              (35 damage)
             ... on level 4 of the Dungeon.
             The game lasted 00:02:57 (3374 turns).

Stomo the Skirmisher (Draconian Monk)               Turns: 3374, Time: 00:02:58

Health: -1/56      AC:  6    Str: 15    XL:     6   Next: 35%
Magic:  6/6        EV: 13    Int: 10    God:
Gold:   96         SH:  0    Dex: 14    Spells: 5/5 levels left

rFire   . . .      SeeInvis .   a - +0 mace (venom)
rCold   . . .      Faith    .   (no shield)
rNeg    . . .      Spirit   .   (armour unavailable)
rPois   .          Reflect  .   (helmet restricted)
rElec   .          Harm     .   (no cloak)
rCorr   .          Rampage  .   (no gloves)
Will    .....                   (no boots)
Stlth   ++........              (no amulet)
HPRegen 0.18/turn               (no ring)
MPRegen 0.10/turn               (no ring)

@: no status effects
A: AC +6, unfitting armour, cold-blooded
a: no special abilities


You were on level 4 of the Dungeon.
You visited 1 branch of the dungeon, and saw 4 of its levels.

You collected 96 gold pieces.

Inventory:

Hand Weapons
 a - a +0 mace of venom (weapon)
Jewellery
 f - a ring of ice
Wands
 n - a wand of digging (4)
Potions
 b - a potion of brilliance
 d - a potion of mutation
 e - a potion of haste {unknown}
 g - 2 potions of curing {unknown}
 h - a potion of cancellation {unknown}
 i - a potion of invisibility {unknown}
 l - a potion of magic {unknown}
 m - a potion of berserk rage {unknown}
 o - a potion of lignification {unknown}


   Skills:
 + Level 5.2 Fighting
 + Level 4.8 Maces & Flails
 + Level 4.3 Dodging
 - Level 1.7 Stealth


You had 5 spell levels left.
You didn't know any spells.
Your spell library was empty.

Dungeon Overview and Level Annotations

Branches:
Dungeon (4/15)
 Temple: D:4-7

Altars:
Zin
The Shining One

Shops:
D:2 [


Innate Abilities, Weirdness & Mutations

Your plain brown scales are hard. (AC +6)
You cannot fit into any form of body armour.
You are cold-blooded and may be slowed by cold attacks.


Message History

Things that are here:
a +0 hand axe; a giant cockroach corpse; an orc corpse
Found a stone staircase leading down.
Found 22 stones.
There is a stone staircase leading down here.
Found a stone staircase leading down.
An adder comes into view.
An adder is nearby!
An adder is nearby!
An adder is nearby!
The adder closely misses you.
You barely miss the adder. The adder closely misses you.
You thump the adder!
The adder is poisoned.
Your tail-slap misses the adder.
The adder is severely wounded.
The adder closely misses you. x2
You hit the adder.
You kill the adder!
No target in view!
No target in view!
No target in view!
No target in view!
No target in view!
No target in view!
An ogre comes into view. It is wielding a +0 giant spiked club.
Found 9 stones.
The ogre shouts!
You see here an adder corpse.
An ogre is nearby!
An ogre is nearby!
You hit the ogre.
The ogre is poisoned.
You tail-slap the ogre.
The ogre is moderately wounded.
The ogre closely misses you.
You hit the ogre.
The ogre looks as sick as possible!
You tail-slap the ogre.
The ogre is moderately wounded.
The ogre hits you with a +0 giant spiked club!!
You hit the ogre but do no damage.
The ogre is heavily wounded.
The ogre hits you with a +0 giant spiked club!!
Ouch! That really hurt!
You die...

#..#.#**,,,.#****, #..#.#
***,.# *,, #..#.#
*..##**,* #..#.##
*...,,,,,
**#######.>...####.#####,*
*,......................,*
*,#######.#...##...####.,,
*,* #†##.###.### **,* *,*
**#@##.# #.# *,* *,*
#.O....###.# ###.# *,*
#.#..(..##.# #.... *,*
#(####..##.# #.#.# *,* #,*
#..##.# #.#..
*,***##.####..##.# #.#..
*,,,,.........##.#####....
******#........>...<......
#######.########....


You could see an ogre (extremely poisoned).

Vanquished Creatures
  Duvessa (D:4)
  A water moccasin skeleton (D:4)
  Dowan (D:3)
  Jessica (D:2)
  Ijyb (D:4)
  Robin (D:2)
  2 adders
  2 worms (D:3)
  4 orcs
  2 bats
  6 endoplasms
  2 giant cockroaches
  13 goblins
  11 hobgoblins
  2 jackals (D:1)
  4 kobolds
  4 quokkas
  A ball python (D:1)
  3 frilled lizards (D:1)
  3 rats
65 creatures vanquished.

Notes
Turn   | Place    | Note
-------+----------+-------------------------------------------
     0 | D:1      | Stomo the Draconian Monk began the quest for the Orb.
     0 | D:1      | Reached XP level 1. HP: 19/19 MP: 1/1
    80 | D:1      | Found a faded altar of an unknown god.
   328 | D:1      | Reached XP level 2. HP: 24/26 MP: 2/2
   367 | D:1      | Found a glowing silver altar of Zin.
  1222 | D:2      | Reached XP level 3. HP: 33/33 MP: 3/3
  1262 | D:2      | Noticed Robin
  1275 | D:2      | Reached skill level 4 in Fighting
  1458 | D:2      | Killed Robin
  1459 | D:2      | Reached XP level 4. HP: 31/40 MP: 4/4
  1683 | D:2      | Noticed Jessica
  1690 | D:2      | Killed Jessica
  1782 | D:2      | Found Vuroku's Armour Emporium.
  1827 | D:2      | Found a glowing golden altar of the Shining One.
  1961 | D:3      | Identified the +4 spear of Malaise {freeze, rC+ Int-3 SInv}
  2531 | D:4      | Reached XP level 5. HP: 34/47 MP: 5/5
  2634 | D:4      | Noticed Duvessa
  2634 | D:4      | Noticed Dowan
  2911 | D:4      | Killed Duvessa
  2912 | D:4      | Reached skill level 5 in Fighting
  2912 | D:4      | Reached XP level 6. HP: 30/56 MP: 6/6
  2921 | D:3      | Killed Dowan
  3250 | D:4      | Noticed Ijyb
  3264 | D:4      | Killed Ijyb
  3374 | D:4      | Slain by an ogre

Illustrated notes

Levels and vault maps discovered:
D:1:      dpeg_arrival_simpleton_a, layout_loops_ring, basic_ecumenical_altar,
          kennysheep_flooded_box
D:2:      layout_rooms, serial_shops,
          nicolae_shop_temple_entry_statues_fountains, basic_altar,
          uniq_jessica, uniq_robin
D:3:      layout_basic
D:4:      layout_loops_ring, uniq_pikel, uniq_duvessa, uniq_ijyb

Skill      XL: |  1  2  3  4  5 |
---------------+----------------+-----
Dodging        | 3 4 |  4.3
Fighting       | 4 5 |  5.2
Maces & Flails | 4 |  4.8
Stealth        | |  1.7

Action                   |  1- 3 |  4- 6 || total
-------------------------+-------+-------++-------
Melee: Mace              |   104 |   100 ||   204
       Tailslap          |     8 |    17 ||    25
       Punch             |     2 |     2 ||     4
  Use: Scroll            |     3 |     4 ||     7
 Stab: Sleeping          |     4 |       ||     4
Armor: Skin              |    28 |    24 ||    52
Dodge: Dodged            |    93 |    66 ||   159
